 Dungeon Crawl Stone Soup version 0.18.1-5-g4a78601 (webtiles) character file.

844 imganon the Cleaver (level 7, 0/52 HPs)
             Began as a Demonspawn Berserker on May 13, 2016.
             Was a Priest of Trog.
             Killed by nerve-wracking pain
             ... invoked by Grinder
              (9 damage)
             ... on level 5 of the Dungeon.
             The game lasted 00:06:02 (4063 turns).

imganon the Cleaver (Demonspawn Berserker)          Turns: 4063, Time: 00:06:03

Health: 0/52       AC: 10    Str: 19    XL:     7   Next: 68%
Magic:  7/7        EV: 12    Int:  8    God:    Trog [***...]
Gold:   227        SH:  0    Dex: 13    Spells: 0 memorised, 6 levels left

rFire  + . .     SeeInvis .     a - +0 hand axe
rCold  . . .     Gourm    .     r - +0 leather armour
rNeg   . . .     Faith    .     (no shield)
rPois  .         Spirit   .     k - +0 helmet
rElec  .         Dismiss  .     v - +2 cloak
rCorr  .         Reflect  .     f - +2 pair of gloves
SustAt .         Harm     .     (no boots)
MR     .....                    (no amulet)
Stlth  +.........               (no ring)
                                (no ring)

@: exhausted, not resistant to hostile enchantments, very unstealthy
A: talons 2, fire resistance 1, sturdy frame 1
a: Berserk, Trog's Hand, Burn Spellbooks, Renounce Religion


You were on level 5 of the Dungeon.
You worshipped Trog.
Trog was most pleased with you.
You were not hungry.

You visited 1 branch of the dungeon, and saw 5 of its levels.

You collected 227 gold pieces.

Inventory:

Hand Weapons
 a - a +0 hand axe (weapon)
Armour
 f - a +2 pair of gloves (worn)
 k - a +0 helmet (worn)
 r - a +0 leather armour (worn)
 v - a +2 cloak (worn)
Jewellery
 x - an uncursed ring of resist corrosion {unknown}
Wands
 w - a wand of paralysis (6/24)
Scrolls
 b - a scroll of noise {unknown}
 d - a scroll of immolation {unknown}
 e - 3 scrolls of enchant weapon {unknown}
 g - 3 scrolls of teleportation {unknown}
 h - 5 scrolls of blinking {unknown}
 j - 2 scrolls of amnesia {unknown}
 m - 2 scrolls of remove curse {unknown}
 q - a scroll of recharging {unknown}
 s - 4 scrolls of random uselessness {unknown}
 u - 3 scrolls of identify {unknown}
Potions
 i - a potion of invisibility {unknown}
 l - a potion of heal wounds {unknown}
 n - 2 potions of curing {unknown}
 o - 2 potions of brilliance {unknown}
 t - a potion of agility {unknown}
 z - 2 potions of flight {unknown}
Comestibles
 c - 2 bread rations
 p - 3 meat rations


   Skills:
 - Level 3.0 Fighting
 + Level 8.5 Axes
 - Level 1.7 Armour
 - Level 1.7 Dodging


You had 6 spell levels left.
You didn't know any spells.

Dungeon Overview and Level Annotations

Branches:
Dungeon (5/15)             Temple (0/1) D:4

Altars:
Ashenzari
Dithmenos
Elyvilon
Gozag
Nemelex Xobeh
Okawaru
Pakellas
Sif Muna
Vehumet
Xom
The Shining One

Annotations:
D:5 Grinder


Innate Abilities, Weirdness & Mutations

You have razor-sharp toenails.
Your flesh is heat resistant.
Your movements are slightly less encumbered by armour (ER -2).


Message History

Grinder zaps a wand.
You resist with some effort.
You feel a strong urge to attack something.
You start resting.
You are no longer berserk.
You are exhausted.
You feel yourself slow down.
You start resting.
Grinder zaps a wand.
Nothing appears to happen.
Grinder gestures at you. Pain shoots through your body! Grinder hits you!
You writhe in agony.
Grinder gestures at you. Pain shoots through your body!
* * * LOW HITPOINT WARNING * * *
Grinder blinks!
You feel yourself speed up.
Grinder blinks!
Grinder gestures at you. Pain shoots through your body!
You die...

...# ....... .... #.# ..##
##....... ... ###.####
...## ##.....#.. #......#
###.###.†....... #.#.##.#
# ##.#.#.....#.# #.#.##.#
# ##.##.....#. #.#5##.# #
###........########.#.##.#
# #.##.##.##.....5..#.##.#
####
#.##.##.##@#####.......#
...# #.##....##.#
#.##.#### ##.# #.#
###.<..# #.(..# ...#
#.#####.##.# #.#### ##.#
#.......##.# #.#
##.#############.. ..#
.........# #### ###
##.#####.# ##.# #.#


You could see Grinder.

Vanquished Creatures
  Edmund (D:4)
  An ice beast (D:5)
  A phantom (D:4)
  A sky beast (D:5)
  An ogre (D:4)
  An orc priest (D:3)
  A giant frog skeleton (D:4)
  4 orc wizards
  A worker ant (D:4)
  6 adders
  4 gnolls
  An ooze (D:1)
  An adder skeleton (D:4)
  8 giant geckos
  10 orcs
  13 bats
  A giant cockroach (D:1)
  8 goblins
  5 hobgoblins
  2 jackals (D:5)
  A quokka (D:4)
  3 giant newts
  5 kobolds
  7 rats
87 creatures vanquished.

Notes
Turn   | Place    | Note
--------------------------------------------------------------
     0 | D:1      | imganon the Demonspawn Berserker began the quest for the Orb.
     0 | D:1      | Reached XP level 1. HP: 18/18 MP: 1/1
    10 | D:1      | Reached skill level 3 in Axes
    92 | D:1      | Gained mutation: You have sharp toenails. [demonic ancestry]
    92 | D:1      | Reached XP level 2. HP: 18/24 MP: 2/2
   172 | D:1      | Reached ** piety under Trog
   262 | D:1      | Reached XP level 3. HP: 25/29 MP: 3/3
   303 | D:1      | Reached skill level 4 in Axes
  1184 | D:2      | Found a shadowy altar of Dithmenos.
  1276 | D:2      | Gained mutation: Your movements are slightly less encumbered by armour (ER -2). [demonic ancestry]
  1276 | D:2      | Reached XP level 4. HP: 11/35 MP: 4/4
  1723 | D:3      | Reached skill level 5 in Axes
  1729 | D:3      | Reached *** piety under Trog
  1729 | D:3      | Gained mutation: You have razor-sharp toenails. [demonic ancestry]
  1729 | D:3      | Reached XP level 5. HP: 5/41 MP: 5/5
  2062 | D:3      | Found a radiant altar of Vehumet.
  2147 | D:3      | Found a shattered altar of Ashenzari.
  2150 | D:3      | Found an oddly glowing altar of Pakellas.
  2152 | D:3      | Found an opulent altar of Gozag.
  2226 | D:3      | Found a shadowy altar of Dithmenos.
  2227 | D:3      | Found a sparkling altar of Nemelex Xobeh.
  2227 | D:3      | Found a deep blue altar of Sif Muna.
  2227 | D:3      | Found a glowing golden altar of the Shining One.
  2234 | D:3      | Found a white marble altar of Elyvilon.
  2234 | D:3      | Found an iron altar of Okawaru.
  2392 | D:3      | Found a shimmering altar of Xom.
  2432 | D:4      | Noticed a phantom
  2477 | D:4      | Killed a phantom
  2477 | D:4      | Reached skill level 6 in Axes
  2489 | D:4      | Found a staircase to the Ecumenical Temple.
  2494 | D:4      | Reached XP level 6. HP: 32/47 MP: 6/6
  3190 | D:4      | Reached skill level 7 in Axes
  3236 | D:4      | Gained mutation: Your flesh is heat resistant. [demonic ancestry]
  3236 | D:4      | Reached XP level 7. HP: 12/52 MP: 7/7
  3391 | D:4      | Noticed Edmund
  3407 | D:4      | Killed Edmund
  3490 | D:4      | Found a deep blue altar of Sif Muna.
  3617 | D:5      | Entered Level 5 of the Dungeon
  3636 | D:5      | Reached skill level 8 in Axes
  3996 | D:5      | Noticed Grinder
  4001 | D:5      | Found a shimmering altar of Xom.
  4019 | D:5      | Paralysed by Grinder for 3 turns
  4063 | D:5      | Killed from afar by Grinder

Skill      XL: |  1  2  3  4  5  6  7 |
---------------+----------------------+-----
Axes           | 3 4 5 6 7 8 |  8.5
Fighting       | |  3.0
Armour         | |  1.7
Dodging        | |  1.7

Action                   |  1- 3 |  4- 6 |  7- 9 || total
-------------------------+-------+-------+-------++-------
Melee: Hand axe          |   140 |   198 |    72 ||   410
       Kick              |    25 |    60 |    29 ||   114
       Unarmed           |       |       |     8 ||     8
Invok: Berserk           |     1 |     1 |     2 ||     4
 Stab: Distracted        |     1 |       |       ||     1
       Sleeping          |     1 |       |       ||     1
  Eat: Chunk             |     2 |     3 |     2 ||     7
       Bread ration      |       |     1 |     1 ||     2
Armor: Animal skin       |    70 |    38 |       ||   108
       Leather armour    |       |    37 |    27 ||    64
Dodge: Dodged            |   107 |   122 |    31 ||   260
